 Dungeon Crawl Stone Soup version 0.30-a0-219-gf2db51d15e (webtiles) character file.

Game seed: 16159311136254829201

56 Flugkiller the Cudgeller (level 4, -9/40 HPs)
             Began as a Meteoran Chaos Knight on Oct 6, 2022.
             Was a Plaything of Xom.
             Mangled by an iguana (12 damage)
             ... on level 3 of the Dungeon.
             The game lasted 00:03:11 (1061 turns).

Flugkiller the Cudgeller (Meteoran Chaos Knight)    Turns: 1061, Time: 00:03:12

Health: -9/40      AC:  6    Str: 16    XL:     4   Next: 37%
Magic:  5/5        EV: 11    Int: 13    God:    Xom [..*...]
Gold:   179        SH:  0    Dex: 13    Spells: 3/3 levels left

rFire   . . .      SeeInvis .    a - +0 mace (chaos)
rCold   . . .      Faith    .    (no shield)
rNeg    . . .      Spirit   .    b - +2 leather armour
rPois   .          Reflect  .    (no helmet)
rElec   .          Harm     .    j - scarf {repulsion}
rCorr   .          Rampage  .    k - +0 pair of gloves
Will    .....                    (no boots)
Stlth   +.........               (no amulet)
HPRegen 0.26/turn                (no ring)
MPRegen 0.09/turn                (no ring)

@: glowing, repel missiles
A: sense surroundings 1, otherworldly, glowing, explore regen
a: Renounce Religion


You were on level 3 of the Dungeon.
You worshipped Xom.
You were a toy of Xom.
You visited 1 branch of the dungeon, and saw 3 of its levels.

You collected 179 gold pieces.

Inventory:

Hand Weapons
 a - a +0 mace of chaos (weapon)
Missiles
 r - 4 poisoned darts
Armour
 b - a +2 leather armour (worn)
 j - a scarf of repulsion (worn)
   (You found it on level 1 of the Dungeon)
 k - a +0 pair of gloves (worn)
   (You found it on level 1 of the Dungeon)
 o - a +0 plate armour
   (You found it on level 3 of the Dungeon)
Scrolls
 d - a scroll of torment {unknown}
 f - 2 scrolls of fog {unknown}
 g - a scroll of noise {unknown}
 i - a scroll of poison {unknown}
 l - 2 scrolls of identify {unknown}
 m - a scroll of blinking {unknown}
Potions
 e - 3 potions of heal wounds {unknown}
 h - a potion of ambrosia {unknown}
 n - a potion of haste {unknown}
 p - a potion of magic {unknown}
 q - a potion of brilliance {unknown}
Miscellaneous
 c - a piece from Xom's chessboard (15/15) (quivered)


   Skills:
 + Level 4.0 Fighting
 * Level 5.6 Maces & Flails
 - Level 2.4 Armour
 - Level 1.2 Dodging


You had 3 spell levels left.
You didn't know any spells.
Your spell library contained the following spells:

 Spells                   Type           Power      Damage    Failure   Level
 Scorch                   Fire           0%         2d5       50%         2
 Flame Wave               Conj/Fire      0%         2d4       98%         4
 Summon Cactus Giant      Summ           0%         N/A       100%        6


Dungeon Overview and Level Annotations

Branches:
Dungeon (3/15) Zot: 719

Altars:
Qazlal


Innate Abilities, Weirdness & Mutations

You passively map a small area around you.
You are easily found by Zot.
You glow in the dark.
You regain HP and MP as you explore.


Message History

You see here 5 stones.
q - a pink potion
Found 4 poisoned darts.
A worm comes into view.
Found a smoky silvery potion.
Found a stone staircase leading up.
You see here 4 poisoned darts.
r - 4 poisoned darts You hit the worm.
The worm is lightly wounded.
The worm bites you but does no damage.
You hit the worm.
The worm is lightly wounded.
The worm bites you but does no damage.
You hit the worm. You burn the worm.
The worm is moderately wounded.
The worm bites you but does no damage.
You sock the worm! You burn the worm.
The worm is severely wounded.
You hit the worm.
The worm is almost dead.
The worm barely misses you.
You completely miss the worm.
The worm is severely wounded.
The worm barely misses you.
You thump the worm! You burn the worm.
You kill the worm!
You see here a worm corpse.
A rat comes into view.
You see here a smoky silvery potion.
e - 3 smoky silvery potions (gained 1)
You hit the rat. You freeze the rat.
You kill the rat!
No target in view!
An endoplasm comes into view.
The endoplasm quivers.
Found 8 stones. "Where it stops, nobody knows!"
Your surroundings suddenly seem different.
Your surroundings suddenly seem different.
Your surroundings suddenly seem different.
Your surroundings suddenly seem different.
A frilled lizard comes into view.
Your surroundings suddenly seem different.
Your surroundings suddenly seem different.
Found a scroll labelled AMYTSEU GEUDO, 9 gold pieces and a robe.
Your surroundings suddenly seem different.
Found 3 stones.
Your surroundings suddenly seem different.
Your surroundings seem slightly different.
Your surroundings suddenly seem different.
Your surroundings suddenly seem different.
The frilled lizard moves out of view.
An iguana comes into view.
The iguana hisses angrily.
The endoplasm quivers.
You hit the endoplasm. You freeze the endoplasm.
The endoplasm is heavily wounded.
The endoplasm hits you but does no damage.
You hit the endoplasm.
The endoplasm is poisoned.
The endoplasm is severely wounded.
The iguana bites you but does no damage.
The endoplasm closely misses you.
The endoplasm hits you but does no damage.
The iguana closely misses you. The endoplasm attacks as you move away!
The endoplasm closely misses you.
You kill the endoplasm!
Your Fighting skill increases to level 4!
The iguana attacks as you move away! The iguana bites you.
You hit the iguana. You burn the iguana.
The iguana is heavily wounded.
The iguana bites you!
You hit the iguana. You burn the iguana.
The iguana is severely wounded.
The iguana bites you.
You hit the iguana but do no damage.
The iguana is severely wounded.
The iguana bites you.
You are too injured to fight recklessly!
You are too injured to fight recklessly!
You hit the iguana.
The iguana is severely wounded.
The iguana bites you but does no damage.
You barely miss the iguana.
The iguana is severely wounded.
The iguana bites you!
You hit the iguana but do no damage.
The iguana is severely wounded.
The iguana bites you but does no damage.
You barely miss the iguana.
The iguana is severely wounded.
The iguana bites you.
* * * LOW HITPOINT WARNING * * *
You hit the iguana.
The iguana is almost dead.
The iguana bites you!
* * * LOW HITPOINT WARNING * * *
You hit the iguana.
The iguana seems to slow down.
You freeze the iguana.
The iguana is almost dead.
The iguana bites you!
You die...

# #........#,........#
## ........# ....... .#
* .......#, ..... .# ,
......#,* ..., .# .....
####.# * .# ###### *
##..#.# #....# , .#
#....# ##.....#*#.####
, .# #....# #l.#..### ,
.####....# #@##.....,*
* .........#
####.#...#### ,*
.........####.........#
,
.####......##.##...##.#
, .##...........#...##
.. *
....#(####.####..##
*#.. .#..#.# #.##....#
* .## , ....#.#
#.#..#.## * .. *
....#.####......# * #.


You could see an iguana (slow).

Vanquished Creatures
  3 worms
  An orc (D:3)
  5 ball pythons
  5 endoplasms
  A giant cockroach (D:1)
  6 goblins
  6 hobgoblins
  3 kobolds (D:2)
  3 bats
  3 frilled lizards
  5 rats
41 creatures vanquished.

Notes
Turn   | Place    | Note
-------+----------+-------------------------------------------
     0 | D:1      | Flugkiller the Meteoran Chaos Knight began the quest for
                  | the Orb.
     0 | D:1      | Reached XP level 1. HP: 19/19 MP: 2/2
    19 | D:1      | XOM: divination: magic mapping
   111 | D:1      | Reached XP level 2. HP: 26/26 MP: 3/3
   433 | D:2      | Reached XP level 3. HP: 23/31 MP: 4/4
   437 | D:2      | Reached skill level 5 in Maces & Flails
   499 | D:2      | Found a faded altar of an unknown god.
   678 | D:2      | Reached XP level 4. HP: 40/40 MP: 5/5
   727 | D:2      | XOM: polymorph rat -> hobgoblin
   877 | D:3      | XOM: cloud trail
   924 | D:3      | Found a stormy altar of Qazlal.
  1018 | D:3      | XOM: 11-stop teleportation journey
  1060 | D:3      | HP: 2/40 [iguana (7)]
  1061 | D:3      | Mangled by an iguana

Illustrated notes

Levels and vault maps discovered:
D:1:      mushboom_english_gardens, layout_basic
D:2:      layout_rooms, chequers_ecumenical_altar_simple
D:3:      layout_rooms, nicolae_qazlal_eye_of_the_storm,
          okawaru_ov_weapons_minmay

Skill      XL: |  1  2  3  4 |
---------------+-------------+-----
Maces & Flails | 5 |  5.6
Fighting       | 4 |  4.0
Armour         | |  2.4
Dodging        | |  1.2

Action                   |  1- 3 |  4- 6 || total
-------------------------+-------+-------++-------
Melee: Mace              |    80 |    34 ||   114
Armor: Leather armour    |    41 |    20 ||    61
Dodge: Dodged            |    40 |    21 ||    61

Table legend: (Time is in decaauts)
 A = Elapsed time spent in this place.
 B = Non-inter-level travel time spent in this place.
 C = Inter-level travel time spent in this place.
 D = Time resting spent in this place.
 E = Time spent auto-exploring this place.
 F = Levels seen in this place.
 G = Mean time per level.
                   A        B        C        D        E       F      G
               +--------+--------+--------+--------+--------+-----+--------+
         Total |   1079 |    848 |    231 |      0 |      0 |   3 |  359.7 |
       Dungeon |   1079 |    848 |    231 |      0 |      0 |   3 |  359.7 |
               +--------+--------+--------+--------+--------+-----+--------+

Top non-repeatable levels by time:
     D:1: 435 daAuts
     D:2: 408 daAuts
     D:3: 235 daAuts
